 Dungeon Crawl Stone Soup version 0.28.0-53-g5a82cb258f (webtiles) character file.

Game seed: 7227018528514667107

28 buhh the Insei (level 3, -1/24 HPs)
             Began as an Octopode Transmuter on June 16, 2022.
             Killed from afar by Terence (11 damage)
             ... with a puff of flame
             ... on level 2 of the Dungeon.
             The game lasted 00:02:18 (1700 turns).

buhh the Insei (Octopode Transmuter)                Turns: 1700, Time: 00:02:18

Health: -1/24      AC:  1    Str:  9    XL:     3   Next: 12%
Magic:  6/6        EV: 13    Int: 17    God:
Gold:   85         SH:  0    Dex: 12    Spells: 5/6 levels left

rFire   . . .      SeeInvis .     - Unarmed
rCold   . . .      Faith    .   (no shield)
rNeg    . . .      Spirit   .   (helmet restricted)
rPois   .          Reflect  .   (no amulet)
rElec   .          Harm     .   (no ring)
rCorr   .          Rampage  .   (no ring)
Will    .....                   (no ring)
Stlth   +++.......              (no ring)
HPRegen 0.08/turn               (no ring)
MPRegen 0.10/turn               (no ring)
                                (no ring)
                                (no ring)

@: no status effects
A: almost no armour, amphibious, 8 rings, camouflage 1, gelatinous body 1,
(nimble swimmer 1), tentacles
a: no special abilities


You were on level 2 of the Dungeon.
You visited 1 branch of the dungeon, and saw 2 of its levels.

You collected 85 gold pieces.

Inventory:

Missiles
 a - 2 poisoned darts
Scrolls
 e - a scroll of fog {unknown}
 g - a scroll of amnesia {unknown}
Potions
 b - a potion of invisibility {unknown}
 c - 2 potions of mutation {unknown}
 d - a potion of flight {unknown}
 f - a potion of curing {unknown}


   Skills:
 + Level 2.0 Fighting
 - Level 2.0 Dodging
 - Level 1.0 Stealth
 + Level 3.5 Unarmed Combat
 - Level 2.0 Spellcasting
 * Level 2.1 Transmutations


You had 5 spell levels left.
You knew the following spells:

 Your Spells              Type           Power      Damage    Failure   Level
a - Beastly Appendage     Tmut           16%        N/A       9%          1

Your spell library contained the following spells:

 Spells                   Type           Power      Damage    Failure   Level
 Wereblood                Tmut           8%         N/A       12%         2
 Spider Form              Tmut/Pois      5%         N/A       36%         3
 Ice Form                 Ice/Tmut       5%         N/A       77%         4
 Blade Hands              Tmut           4%         N/A       92%         5
 Irradiate                Conj/Tmut      2%         3d14      98%         5
 Dragon Form              Tmut           4%         N/A       100%        7


Dungeon Overview and Level Annotations

Branches:
Dungeon (2/15)

Altars:

Annotations:
D:2 Terence


Innate Abilities, Weirdness & Mutations

You cannot wear most types of armour.
You are amphibious.
You can wear up to eight rings at the same time.
Your skin changes colour to match your surroundings (Stealth+).
Your rubbery body absorbs attacks. (AC +1, EV +1)
((You are camouflaged when in or above water. (Stealth+)))
You have tentacles for arms and can constrict up to eight enemies at once.


Message History

You miscast Beastly Appendage.
You are very lightly contaminated with residual magic.
Nothing appears to happen.
The kobold shouts!
The kobold hits you but does no damage.
You tentacle-slap the kobold but do no damage.
Your grab misses the kobold. The kobold hits you but does no damage.
You tentacle-slap the kobold. Your grab misses the kobold.
The kobold is moderately wounded.
The kobold hits you with a +0 dagger.
Your magical contamination has completely faded away.
You barely miss the kobold. Your grab misses the kobold.
Your tentacle-slap misses the kobold.
The kobold is moderately wounded.
The kobold hits you with a +0 dagger.
You tentacle-slap the kobold.
You kill the kobold!
No target in view!
HP restored.
A giant cockroach comes into view.
The helpless giant cockroach fails to defend itself.
You tentacle-slap the giant cockroach.
You kill the giant cockroach!
No target in view!
Terence the Incautious comes into view.
He is wielding a +0 falchion and carrying a wand of flame (25).
Terence shouts, "Now you die!"
Terence zaps a wand.
The puff of flame hits you!
Warning: an enemy near you is armed with a wand! (Y or N to confirm.) [Y]es or [N]o only, please.
Warning: an enemy near you is armed with a wand! (Y or N to confirm.) [Y]es or [N]o only, please.
Warning: an enemy near you is armed with a wand! (Y or N to confirm.) Neutralize or avoid the wand carrier ASAP!
Terence zaps a wand.
The puff of flame hits you! As you open the door, it creaks loudly!
Terence zaps a wand.
The puff of flame misses you.
There is an open door here.
There is a stone staircase leading up here.
Terence zaps a wand.
The puff of flame hits you!
You die...

#..)......###...##.##.
#.......####.....#
#.#...#.# ##..@##
#.##.##.# ##.##
#.......# #.#
#####.#### #.#
#.......# ##'##
#..##...# ##...##
#.......# ##..@..##
#...#...# ##.....[.##
#.......###......>..#
#.........+.........+
#.......###.........#
###.#.### ##.......##
#.### ##.[...## #.#
##...## #.# ##'##


You could see Terence.

Vanquished Creatures
  2 bats
  An endoplasm (D:1)
  A giant cockroach (D:2)
  3 goblins (D:1)
  4 hobgoblins
  3 jackals (D:1)
  3 ball pythons (D:1)
  4 kobolds
  3 rats (D:1)
24 creatures vanquished.

Notes
Turn   | Place    | Note
-------+----------+-------------------------------------------
     0 | D:1      | buhh the Octopode Transmuter began the quest for the Orb.
     0 | D:1      | Reached XP level 1. HP: 13/13 MP: 3/3
   303 | D:1      | Reached XP level 2. HP: 18/18 MP: 3/5
  1503 | D:2      | Reached XP level 3. HP: 24/24 MP: 4/6
  1689 | D:2      | Noticed Terence
  1700 | D:2      | Killed from afar by Terence

Illustrated notes

Levels and vault maps discovered:
D:1:      heliophobic_arrival_enchanted_forest, layout_basic
D:2:      layout_loops_corners, hellmonk_ecumenical_altar_run_dry, uniq_terence,
          uniq_jessica

Skill      XL: |  1  2 |
---------------+-------+-----
Stealth        | 1 |  1.0
Fighting       | 2 |  2.0
Dodging        | |  2.0
Unarmed Combat | |  3.5
Spellcasting   | |  2.0
Transmutations | |  2.1

Action                   || total
-------------------------++-------
Melee: Unarmed           ||    48
       Kick              ||    14
       Constrict         ||    15
       Tentacles         ||     8
       Punch             ||     2
 Cast: Beastly Appendage ||    14
 Stab: Sleeping          ||     2
Armor: Skin              ||     8
Dodge: Dodged            ||    23
